 Dungeon Crawl Stone Soup version 0.28.0-43-g3370ac3207 (console) character file.

Game seed: 219921842684124175

3756 toffzen the Cleaver (level 9, -10/79 HPs)
             Began as a Minotaur Fighter on Mar 18, 2022.
             Was a Priest of Okawaru.
             Mangled by a death yak (20 damage)
             ... on level 8 of the Dungeon.
             The game lasted 00:14:01 (8045 turns).

toffzen the Cleaver (Minotaur Fighter)              Turns: 8045, Time: 00:14:01

Health: -10/79     AC: 12    Str: 21    XL:     9   Next: 94%
Magic:  11/12      EV: 16    Int:  5    God:    Okawaru [***...]
Gold:   433        SH:  0    Dex: 14    Spells: 8/8 levels left

rFire   + . .      SeeInvis .   a - +1 executioner's axe (drain)
rCold   . . .      Faith    .   (shield currently unavailable)
rNeg    . . .      Spirit   .   g - +1 ring mail {rF+}
rPois   .          Reflect  .   (helmet restricted)
rElec   .          Harm     .   p - +0 cloak
rCorr   +          Rampage  .   i - +1 pair of gloves
Will    +....                   (no boots)
Stlth   ++........              (no amulet)
HPRegen 0.23/turn               t - ring of resist corrosion
MPRegen 0.13/turn               j - ring of willpower

@: heroic
A: horns 2, retaliatory headbutt
a: Renounce Religion, Heroism


You were on level 8 of the Dungeon.
You worshipped Okawaru.
Okawaru was most pleased with you.
You visited 2 branches of the dungeon, and saw 9 of its levels.

You collected 433 gold pieces.

Inventory:

Hand Weapons
 a - a +1 executioner's axe of draining (weapon)
 b - a +0 hunting sling
 f - a +1 war axe
Missiles
 e - 2 throwing nets
 h - 264 stones (quivered)
Armour
 c - a +0 buckler
 g - a +1 ring mail of fire resistance (worn)
 i - a +1 pair of gloves (worn)
 p - a +0 cloak (worn)
Jewellery
 j - a ring of willpower (right hand)
 s - an amulet of magic regeneration
 t - a ring of resist corrosion (left hand)
Wands
 d - a wand of polymorph (11)
 o - a wand of flame (22)
Scrolls
 k - 2 scrolls of fog
 m - 2 scrolls of teleportation
 w - a scroll of acquirement
Potions
 l - a potion of might
 n - a potion of flight {unknown}
 q - a potion of ambrosia {unknown}
 r - a potion of haste {unknown}
 u - 2 potions of heal wounds {unknown}
 v - 2 potions of lignification {unknown}


   Skills:
 + Level 7.4(12.4) Fighting
 * Level 9.6(14.6) Axes
 + Level 7.5(12.5) Armour
 + Level 5.6(10.6) Dodging
 - Level 5.4(10.4) Shields
 + Level 6.5 Invocations


You had 8 spell levels left.
You didn't know any spells.
Your spell library contained the following spells:

 Spells                   Type           Power      Damage    Failure   Level
 Shock                    Conj/Air       0%         1d3       61%         1
 Blink                    Tloc           0%         N/A       75%         2
 Gell's Gravitas          Tloc           0%         N/A       93%         3
 Portal Projectile        Hex/Tloc       0%         N/A       93%         3
 Swiftness                Air            0%         N/A       93%         3
 Teleport Other           Tloc           0%         N/A       93%         3
 Airstrike                Air            0%         N/A       100%        4
 Leda's Liquefaction      Hex/Erth       0%         N/A       100%        4
 Manifold Assault         Tloc           0%         N/A       100%        5
 Dispersal                Tloc           0%         N/A       100%        6
 Storm Form               Tmut/Air       0%         N/A       100%        7
 Call Canine Familiar     Summ           Unusable   N/A       N/A         3

Dungeon Overview and Level Annotations

Branches:
Dungeon (8/15)             Temple (1/1) D:5            Lair (0/6) D:8

Altars:
Ashenzari
Cheibriados
Dithmenos
Fedhas
Gozag
Hepliaklqana
Kikubaaqudgha
Makhleb
Nemelex Xobeh
Okawaru
Qazlal
Ru
Sif Muna
Trog
Uskayaw
Vehumet
Wu Jian
Xom
Yredelemnul
Zin
The Shining One

Shops:
D:1 ?   D:2 :   D:4 :=:((   D:7 (


Innate Abilities, Weirdness & Mutations

You have a pair of horns on your head.
You reflexively headbutt those who attack you in melee.


Message History

You slice the death yak!!
The death yak is heavily wounded.
The death yak gores you!!
You hit the death yak. You drain the death yak.
The death yak is heavily wounded.
The death yak completely misses you. You furiously retaliate!
You headbutt the death yak.
The black bear bites you but does no damage.
The black bear closely misses you.
The black bear claws you but does no damage.
You completely miss the death yak.
The death yak is heavily wounded.
You hit the black bear. You drain the black bear. The death yak misses you.
You furiously retaliate!
You headbutt the death yak, but do no damage.
The black bear closely misses you.
The black bear claws you but does no damage.
The black bear closely misses you.
You hit the death yak. You drain the death yak.
You headbutt the death yak, but do no damage.
The death yak is heavily wounded.
You slice the black bear!!
You kill the black bear!
Okawaru accepts your kill. The death yak gores you.
You slash the death yak!
You headbutt the death yak, but do no damage.
The death yak is severely wounded.
The death yak snorts and paws the ground.
The death yak gores you!
You hit the death yak.
The death yak is severely wounded.
The death yak gores you!
* * * LOW HITPOINT WARNING * * *
The death yak barely misses you. You furiously retaliate!
You headbutt the death yak. You barely miss the death yak.
The death yak is almost dead.
The death yak gores you!!
You die...

#......##...#
##+#####.....
....#......
###########........_..
#............. #......
#............. ##.....
#............ ##...#
#.....†..####### ##.##
#....@Y..#.....# #...
#######'##.....# #...
......h........# #...
...............# #...
#....h####.....# #...
....l. #.#.#.#####.#
....Y. #.#.##...##.#
..... ..##.#...#.##
...h. ....#.##.##.#.


You could see a death yak (drained).

Vanquished Creatures
  2 centaur zombies (D:7)
  A hornet (D:7)
  A wyvern (D:8)
  A shadow (D:6)
  3 steam dragons
  Menkaure (D:7)
  Edmund (D:4)
  A water moccasin (D:6)
  2 orc warriors
  A sky beast (D:6)
  4 black bears
  2 ogres (D:5)
  An ice beast (D:6)
  A centaur (D:6)
  2 phantoms
  A wyvern zombie (D:5)
  A bullfrog (D:7)
  6 scorpions
  A bullfrog zombie (D:6)
  3 jellies
  A hound (D:6)
  2 gnoll shamans
  3 iguanas
  2 orc wizards
  A killer bee zombie (D:7)
  A hound skeleton (D:5)
  A howler monkey zombie (D:5)
  7 gnolls
  4 adders
  A white imp (D:6)
  2 ufetubi
  A worm (D:2)
  16 orcs
  6 ball pythons
  5 bats
  11 endoplasms
  5 goblins
  7 hobgoblins
  2 jackals (D:5)
  4 quokkas
  3 frilled lizards
  A jackal skeleton (D:4)
  10 kobolds
  6 rats
138 creatures vanquished.

Vanquished Creatures (others)
  An endoplasm (D:3)
  6 plants (D:3)
7 creatures vanquished.

Grand Total: 145 creatures vanquished

Notes
Turn   | Place    | Note
-------+----------+-------------------------------------------
     0 | D:1      | toffzen the Minotaur Fighter began the quest for the Orb.
     0 | D:1      | Reached XP level 1. HP: 19/19 MP: 0/0
    29 | D:1      | Found Bebro's Magic Scroll Shop.
    54 | D:1      | Found a faded altar of an unknown god.
   125 | D:1      | Reached XP level 2. HP: 24/27 MP: 1/1
   220 | D:1      | Reached skill level 3 in Axes
   964 | D:2      | Reached XP level 3. HP: 33/33 MP: 2/2
  1283 | D:2      | Found Ucarun's Book Boutique.
  1709 | D:3      | Found a bloodstained altar of Trog.
  1718 | D:3      | Reached skill level 1 in Dodging
  1855 | D:3      | Noticed a scorpion
  1859 | D:3      | Killed a scorpion
  1860 | D:3      | Reached XP level 4. HP: 40/40 MP: 3/3
  1868 | D:3      | Reached skill level 4 in Axes
  2663 | D:4      | Found Sus Akirph's Jewellery Shoppe.
  2672 | D:4      | Reached XP level 5. HP: 47/47 MP: 4/4
  2682 | D:4      | Found Ohoavura's Book Emporium.
  2708 | D:4      | Found Ogudduo's Antique Weapon Boutique.
  2777 | D:4      | Found Wiokk's Book Shop.
  2806 | D:4      | Noticed a phantom
  2842 | D:4      | Found an ancient bone altar of Kikubaaqudgha.
  2866 | D:4      | Killed a phantom
  2995 | D:4      | Found a hazy altar of Hepliaklqana.
  3030 | D:4      | Noticed Edmund
  3046 | D:4      | Killed Edmund
  3047 | D:4      | Reached skill level 5 in Axes
  3047 | D:4      | Reached XP level 6. HP: 19/55 MP: 5/5
  3279 | D:4      | Found Jatsaid's Antique Weapon Emporium.
  3355 | D:4      | Reached skill level 5 in Fighting
  3516 | D:5      | Entered Level 5 of the Dungeon
  3580 | D:5      | Reached skill level 5 in Armour
  3580 | D:5      | Reached skill level 5 in Shields
  3613 | D:5      | Reached XP level 7. HP: 49/61 MP: 6/6
  3728 | D:5      | Found a staircase to the Ecumenical Temple.
  3738 | Temple   | Entered the Ecumenical Temple
  3873 | Temple   | Became a worshipper of Warmaster Okawaru
  3933 | Temple   | Reached skill level 6 in Axes
  4278 | D:5      | Reached skill level 1 in Invocations
  4579 | D:5      | Reached * piety under Okawaru
  4750 | D:5      | Reached XP level 8. HP: 58/69 MP: 9/9
  5011 | D:5      | Identified a scroll of acquirement
  5011 | D:5      | Acquired a +1 executioner's axe of draining
  5224 | D:6      | Reached skill level 5 in Invocations
  5656 | D:6      | Reached skill level 7 in Axes
  5768 | D:6      | Reached ** piety under Okawaru
  6307 | D:6      | Reached XP level 9. HP: 50/77 MP: 10/12
  6688 | D:6      | Reached skill level 8 in Axes
  7098 | D:7      | Paralysed by a hornet for 1 turns
  7433 | D:7      | Reached *** piety under Okawaru
  7434 | D:7      | Reached skill level 5 in Dodging
  7475 | D:7      | Found Hetifups's Weapon Shop.
  7562 | D:7      | Reached skill level 9 in Axes
  7604 | D:7      | Noticed Menkaure
  7605 | D:7      | Killed Menkaure
  7872 | D:8      | Found an opulent altar of Gozag.
  7974 | D:8      | Found a broken altar of Ashenzari.
  8030 | D:8      | Found a staircase to the Lair.
  8030 | D:8      | Noticed a death yak
  8045 | D:8      | Mangled by a death yak

Illustrated notes

Levels and vault maps discovered:
D:1:      elethiomel_arrival_quiet, layout_basic,
          hellmonk_ecumenical_altar_pennies_from_heaven, serial_shops,
          shop_fountains, feat_on_display
D:2:      layout_basic, serial_shops, nicolae_square_shop
D:3:      layout_basic, bloody_trog, lexackson_kobold_supper
D:4:      layout_rooms, general_overflow_altar,
          nicolae_hepliaklqana_hippocampus, serial_shops,
          nicolae_shop_waterfront, nicolae_square_shop, nicolae_square_shop,
          shop, kennysheep_little_box, grunt_ministairs_15, uniq_edmund
D:5:      layout_layer_cave, minmay_temple_entry_nine_rooms, nrook_pool_corridor
D:6:      layout_rooms, grunt_potential
D:7:      layout_loops_ring, serial_shops, nicolae_shop_bloodbath_and_beyond,
          uniq_menkaure
D:8:      layout_gridville, mainiacjoe_overflow_boulevard, lemuel_round_altar,
          david_lair_generic, grunt_decor_clamped
Temple:   regret_index_temple_sphere_string

Skill      XL: |  1  2  3  4  5  6  7  8  9 |
---------------+----------------------------+-----
Axes           | 3 4 5 6 7 9 |  9.6
Fighting       | 4 5 6 7 |  7.4
Dodging        | 1 2 3 4 5 |  5.6
Armour         | 4 5 6 7 |  7.5
Shields        | 4 5 |  5.4
Invocations    | 3 5 6 |  6.5

Action                   |  1- 3 |  4- 6 |  7- 9 || total
-------------------------+-------+-------+-------++-------
Melee: War axe           |    89 |    99 |    49 ||   237
       Headbutt          |     9 |    20 |    40 ||    69
       Executioner's axe |       |       |   135 ||   135
 Fire: Hunting sling     |       |    11 |     4 ||    15
Invok: Heroism           |       |       |     5 ||     5
  Use: Scroll            |       |     3 |    11 ||    14
       Potion            |       |       |     2 ||     2
Armor: Scale mail        |    40 |    30 |       ||    70
       Ring mail         |       |     8 |   109 ||   117
Dodge: Dodged            |    37 |    40 |   168 ||   245
Block: Buckler           |    27 |    18 |    17 ||    62
